 Dungeon Crawl Stone Soup version 0.31-a0-536-ga3e2962e35 (webtiles) character file.

Game seed: 6198958108016352710

97 Ethylacetat the Ducker (level 4, -4/45 HPs)
             Began as an Octopode Gladiator on Aug 12, 2023.
             Slain by AdnanSaban's ghost (9 damage)
             ... on level 3 of the Dungeon.
             The game lasted 00:02:25 (1964 turns).

Ethylacetat the Ducker (Octopode Gladiator)         Turns: 1964, Time: 00:02:26

Health: -4/45      AC: 22    Str: 10 (13) XL:     4   Next: 68%
Magic:  4/4        EV:  2    Int:  9 (10) God:
Gold:   112        SH:  0    Dex: 13 (15) Spells: 3/3 levels left

rFire   . . .        a - +0 long sword
rCold   . . .        (no shield)
rNeg    . . .        b - melded +0 hat
rPois   +            s - amulet of the acrobat
rElec   .            n - +5 ring of evasion
rCorr   .            q - ring of poison resistance
SInv    .            (no ring)
Will    .....        (no ring)
Stlth   ++           (no ring)
HPRegen 0.27/turn    (no ring)
MPRegen 0.09/turn    (no ring)
                     (no ring)

%: acrobat
@: brilliant, tree-form, attractive, hasted (expiring), very quick
A: stationary, stasis, torment immunity, boosted hp, almost no armour,
(amphibious), 8 rings, (camouflage 1), (gelatinous body 1), (nimble swimmer 1),
(tentacles)
a: no special abilities


You were on level 3 of the Dungeon.
You were a tree.
You visited 1 branch of the dungeon, and saw 3 of its levels.

You collected 112 gold pieces.

Inventory:

Hand Weapons
 a - a +0 long sword (weapon)
Missiles
 c - 3 throwing nets (quivered)
 d - a javelin
Armour
 b - a +0 hat (melded)
Jewellery
 n - a +5 ring of evasion (left branch)
 q - a ring of poison resistance (right branch)
 s - an amulet of the acrobat (around neck)
 u - a +6 ring of strength
Wands
 r - a wand of polymorph (10)
 t - a wand of charming (11)
Scrolls
 f - 3 scrolls of teleportation {unknown}
 g - 2 scrolls of vulnerability {unknown}
 i - a scroll of revelation {unknown}
 k - a scroll of poison {unknown}
 m - 4 scrolls of identify {unknown}
Potions
 e - a potion of attraction
 h - a potion of haste
 j - a potion of curing
 o - 2 potions of lignification


   Skills:
 + Level 2.9 Fighting
 + Level 3.6 Long Blades
 - Level 2.0 Throwing
 + Level 3.6 Dodging
 + Level 2.7 Stealth


You had 3 spell levels left.
You didn't know any spells.
Your spell library contained the following spells:

 Spells                   Type           Power      Damage    Failure   Level
 Frozen Ramparts          Ice            0%         1d1       77%         3
 Petrify                  Tmut/Erth      0%         N/A       99%         4
 Metabolic Englaciation   Hex/Ice        0%         N/A       100%        5


Dungeon Overview and Level Annotations

Branches:
Dungeon (3/15)

Altars:
Vehumet
Yredelemnul

Shops:
D:1 *

Annotations:
D:3 1 runed translucent door, AdnanSaban's ghost, amateur GrFi; Crazy Yiuf


Innate Abilities, Weirdness & Mutations

You are a tree.
Your roots penetrate the ground, keeping you stationary.
You cannot be teleported.
You are immune to unholy pain and torment.
Your maximum health is greatly increased.
You cannot wear most types of armour.
((You are amphibious.))
You can wear up to eight rings at the same time.
((Your skin changes colour to match your surroundings (Stealth+).))
((Your rubbery body absorbs attacks. (AC +1, EV +1)))
((You are camouflaged when in or above water. (Stealth+)))
((You have tentacles for arms and can constrict up to eight enemies at once.))


Message History

AdnanSaban's ghost is severely damaged.
AdnanSaban's ghost hits you but does no damage.
You hit AdnanSaban's ghost but do no damage.
AdnanSaban's ghost is severely damaged.
AdnanSaban's ghost hits you but does no damage.
You hit AdnanSaban's ghost but do no damage.
AdnanSaban's ghost is severely damaged.
You closely miss AdnanSaban's ghost.
AdnanSaban's ghost is severely damaged.
AdnanSaban's ghost hits you.
You barely miss AdnanSaban's ghost. Your punch misses AdnanSaban's ghost.
AdnanSaban's ghost is severely damaged.
AdnanSaban's ghost barely misses you.
You closely miss AdnanSaban's ghost.
AdnanSaban's ghost is severely damaged.
AdnanSaban's ghost hits you but does no damage.
You hit AdnanSaban's ghost but do no damage.
AdnanSaban's ghost is severely damaged.
AdnanSaban's ghost hits you but does no damage.
You hit AdnanSaban's ghost but do no damage.
AdnanSaban's ghost is severely damaged.
AdnanSaban's ghost hits you but does no damage.
You closely miss AdnanSaban's ghost.
AdnanSaban's ghost is severely damaged.
AdnanSaban's ghost hits you!
* * * LOW HITPOINT WARNING * * *
You hit AdnanSaban's ghost but do no damage.
AdnanSaban's ghost is severely damaged.
AdnanSaban's ghost hits you but does no damage.
You barely miss AdnanSaban's ghost.
AdnanSaban's ghost is severely damaged.
You hit AdnanSaban's ghost.
AdnanSaban's ghost is severely damaged.
AdnanSaban's ghost hits you but does no damage.
It was a potion of degeneration.
There was something very wrong with that liquid.
You feel weakened.
You feel dopey.
You feel clumsy.
Your extra speed is starting to run out.
AdnanSaban's ghost hits you!
You die...

####.....###############......
####>.......##...........##......
#............'...................
............##........[..##......
............##.....########......
............##...(.# #......
............#......# #......
............#......# #######
...........))...♣..##
#.............#W#...#######
.......###...##.##........#
.......##...##...##.......#
#..........##.....##......#
#..........#⌠.!♣?.⌠#..(...#
#######....##.....##......# ..#
#.....##...##.......######
..#####......##⌠##...###.......#


You could see AdnanSaban's ghost.

Vanquished Creatures
  Terence (D:3)
  2 adders (D:2)
  3 orcs (D:3)
  3 ball pythons (D:3)
  4 endoplasms
  4 giant cockroaches
  3 goblins
  9 hobgoblins
  4 kobolds
  2 quokkas
  3 bats
  7 frilled lizards
  2 rats
47 creatures vanquished.

Notes
Turn   | Place    | Note
-------+----------+-------------------------------------------
     0 | D:1      | Ethylacetat the Octopode Gladiator began the quest for the
                  | Orb.
     0 | D:1      | Reached XP level 1. HP: 14/14 MP: 1/1
   158 | D:1      | Found Deasoem's General Store.
   195 | D:1      | Reached XP level 2. HP: 18/19 MP: 2/2
   224 | D:1      | Reached skill level 1 in Stealth
   741 | D:2      | Found a basalt altar of Yredelemnul.
   954 | D:2      | Reached XP level 3. HP: 25/25 MP: 3/3
  1328 | D:3      | Noticed Terence
  1342 | D:3      | Killed Terence
  1343 | D:3      | Reached XP level 4. HP: 14/30 MP: 4/4
  1398 | D:3      | Found a radiant altar of Vehumet.
  1467 | D:3      | Noticed AdnanSaban's ghost (amateur GrFi)
  1471 | D:3      | Found a runed translucent door.
  1724 | D:3      | Found a runed translucent door.
  1725 | D:3      | Noticed Crazy Yiuf
  1964 | D:3      | Slain by AdnanSaban's ghost

Illustrated notes

Levels and vault maps discovered:
D:1:      dpeg_arrival_prison, layout_basic, serial_shops,
          nicolae_shop_gibbet_a_chance, nrook_uturn
D:2:      layout_basic, basic_altar, kennysheep_potato
D:3:      layout_basic, vehumet_crystals, hellmonk_ghost_happy_afterlife,
          uniq_terence, uniq_crazy_yiuf_cottage

Skill      XL: |  1  2  3 |
---------------+----------+-----
Stealth        | 1 2 |  2.7
Fighting       | |  2.9
Long Blades    | |  3.6
Throwing       | |  2.0
Dodging        | |  3.6

Action                     |  1- 3 |  4- 6 || total
---------------------------+-------+-------++-------
  Melee: Long sword        |    47 |    52 ||    99
         Constrict         |    11 |     6 ||    17
         Tentacles         |     8 |     5 ||    13
         Punch             |       |     2 ||     2
    Use: Potion            |       |     6 ||     6
   Stab: Sleeping          |     6 |     5 ||    11
 Armour: Skin              |     1 |    14 ||    15
  Dodge: Dodged            |    26 |    12 ||    38

Table legend: (Time is in decaauts)
 A = Elapsed time spent in this place.
 B = Non-inter-level travel time spent in this place.
 C = Inter-level travel time spent in this place.
 D = Time resting spent in this place.
 E = Time spent auto-exploring this place.
 F = Levels seen in this place.
 G = Mean time per level.
                   A        B        C        D        E       F      G
               +--------+--------+--------+--------+--------+-----+--------+
         Total |   1975 |   1898 |     77 |      0 |   1559 |   3 |  658.3 |
       Dungeon |   1975 |   1898 |     77 |      0 |   1559 |   3 |  658.3 |
               +--------+--------+--------+--------+--------+-----+--------+

Top non-repeatable levels by time:
     D:3: 683 daAuts
     D:1: 652 daAuts
     D:2: 639 daAuts
